[Event "Titled Tuesday Blitz July 11 Late 2023"]
[White "Merino Garcia, Rafael II"]
[Black "Gerbelli Neto, Eduardo"]
[WhiteFideId "2209128"]
[BlackFideId "2103281"]
[WhiteElo "2500"]
[BlackElo "2351"]
[Result "1-0"]
[Round "9"]
[TimeControl "180+2"]
[Date "2023.07.11"]
[WhiteClock "0:00:10"]
[BlackClock "0:00:01"]
[Board "77"]

1. d4 d5 2. Nf3 Nf6 3. g3 e6 4. Bg2 c5 5. c4 Nc6 6. cxd5 Nxd5 7. O-O cxd4 8. Nxd4 Nxd4 9. Qxd4 Qb6 10. Qxb6 Nxb6 11. Nc3 Be7 12. a4 O-O 13. a5 Nc4 14. a6 Rb8 15. b3 Nd6 16. Bf4 bxa6 17. Rfd1 Rxb3 18. Rac1 Nb5 19. Na4 Ba3 20. Rc2 Bb4 21. h4 Nc3 22. Nxc3 Rxc3 23. Rb2 a5 24. Bd2 Rd8 25. Rdb1 Rc4 26. Bxb4 axb4 27. Rxb4 Rxb4 28. Rxb4 Rd1+ 29. Kh2 Rc1 30. Rb8 Rc7 31. e4 Kf8 32. h5 Ke7 33. g4 g6 34. h6 Kd7 35. e5 a5 36. Ra8 Rc5 37. Ra7+ Ke8 38. Ra8 Kd7 39. Ra7+ Ke8 40. f4 Rc4 41. Kg3 Rc3+ 42. Kh4 Bd7 43. Kg5 Rc2 44. Be4 Rc4 45. Bd3 Rc3 46. Ra8+ Ke7 47. Ba6 a4 48. Ra7 Rc5 49. Bd3 Rc3 50. Bb5 a3 51. Rxd7+ Kf8 52. Kf6 Rc8 53. Rxf7+ Kg8 54. Ra7 Rf8+ 55. Kg5 Rb8 56. Bd7 Rb6 57. Rxa3 Kf7 58. Bc8 Rc6 59. Bb7 Rc7 60. Be4 1-0


[Site "https://www.chess.com"]

[Event "Titled Tuesday Blitz July 11 Late 2023"]
[White "Rangel, Daniel"]
[Black "Kostiukov, Alexandr"]
[WhiteFideId "2124475"]
[BlackFideId "14108100"]
[WhiteElo "2496"]
[BlackElo "2338"]
[Result "1-0"]
[Round "9"]
[TimeControl "180+2"]
[Date "2023.07.11"]
[WhiteClock "0:01:21"]
[BlackClock "0:00:25"]
[Board "78"]

1. c4 c5 2. g3 Nf6 3. Bg2 g6 4. Nc3 Bg7 5. e3 O-O 6. Nge2 Nc6 7. O-O d6 8. b3 e5 9. Bb2 Bg4 10. h3 Bf5 11. d3 Qd7 12. g4 Be6 13. Nd5 Ne7 14. Nxf6+ Bxf6 15. f4 Bg7 16. e4 f5 17. fxe5 dxe5 18. gxf5 gxf5 19. Nc3 f4 20. Qf3 Ng6 21. Nd5 Nh4 22. Qh5 Nxg2 23. Kxg2 Kh8 24. Bxe5 Rg8 25. Kh2 Raf8 26. Rg1 Bxd5 27. cxd5 f3 28. Rxg7 Rxg7 29. Rg1 Rg8 30. Rxg7 Rxg7 31. Bxg7+ Kxg7 32. Qg4+ 1-0


[Site "https://www.chess.com"]

[Event "Titled Tuesday Blitz July 11 Late 2023"]
[White "Antonio, Jorge Carlos"]
[Black "JERO-8914"]
[WhiteFideId "113190"]
[WhiteElo "2317"]
[BlackElo "2480"]
[Result "0-1"]
[Round "9"]
[TimeControl "180+2"]
[Date "2023.07.11"]
[WhiteClock "0:00:01"]
[BlackClock "0:02:00"]
[Board "79"]

1. d4 Nf6 2. Nf3 e6 3. Bf4 d5 4. e3 c5 5. c3 Nc6 6. Nbd2 Bd6 7. Ne5 O-O 8. Nxc6 bxc6 9. Bxd6 Qxd6 10. Nf3 Rb8 11. b3 cxd4 12. cxd4 c5 13. dxc5 Qxc5 14. Rc1 Qa5+ 15. Qd2 Qxd2+ 16. Kxd2 Ne4+ 17. Ke1 Bd7 18. Bd3 Nd6 19. Kd2 Rfc8 20. Rxc8+ Rxc8 21. Rc1 Rxc1 22. Kxc1 f6 23. a3 e5 24. Be2 Ne4 25. Kb2 Nxf2 26. b4 Ng4 27. e4 dxe4 28. Nd2 Nf2 29. Kb3 e3 30. Bc4+ Kf8 31. Nf3 g5 32. h3 h5 33. a4 g4 34. hxg4 hxg4 35. Ne1 f5 36. b5 f4 37. a5 Ne4 38. Bd5 Nd2+ 39. Kb4 Ke7 40. b6 axb6 41. axb6 Kd6 42. b7 Kc7 43. Kc5 Bf5 44. b8=Q+ Kxb8 45. Kd6 e4 46. Ke5 f3 47. gxf3 gxf3 48. Nxf3 exf3 49. Bxf3 Nxf3+ 50. Kf4 e2 51. Kxf3 e1=Q 52. Kf4 Qe4+ 0-1


[Site "https://www.chess.com"]

[Event "Titled Tuesday Blitz July 11 Late 2023"]
[White "Kiselev, Pavel"]
[Black "Yurasova, Daria"]
[WhiteFideId "4191102"]
[BlackFideId "34146919"]
[WhiteElo "2301"]
[BlackElo "2479"]
[Result "0-1"]
[Round "9"]
[TimeControl "180+2"]
[Date "2023.07.11"]
[WhiteClock "0:00:00"]
[BlackClock "0:00:14"]
[Board "80"]

1. Nf3 d5 2. c4 dxc4 3. g3 Nf6 4. Bg2 c6 5. O-O Nbd7 6. a4 e5 7. Qc2 Be7 8. Qxc4 O-O 9. Qc2 Nd5 10. Nc3 Nb4 11. Qb1 a5 12. d3 Nc5 13. Nxe5 Nb3 14. Ra3 Be6 15. Nc4 Nxc1 16. Qxc1 Nxd3 17. exd3 Bxa3 18. Nxa3 Qxd3 19. Rd1 Qf5 20. Ne4 Rfd8 21. Nd6 Qg4 22. Rd2 Qb4 23. Qd1 h6 24. Ndc4 Rxd2 25. Nxd2 Rd8 26. Nab1 Bf5 27. Qc1 Bxb1 28. Nxb1 Qxa4 29. Nc3 Qd4 30. Bf3 a4 31. Qc2 Ra8 32. Qe2 a3 33. bxa3 Qxc3 34. Qe7 Qxa3 35. Kg2 Qxe7 0-1


[Site "https://www.chess.com"]

[Event "Titled Tuesday Blitz July 11 Late 2023"]
[White "rionelG"]
[Black "Estrada Nieto, Julian"]
[BlackFideId "5101018"]
[WhiteElo "2287"]
[BlackElo "2465"]
[Result "0-1"]
[Round "9"]
[TimeControl "180+2"]
[Date "2023.07.11"]
[WhiteClock "0:00:33"]
[BlackClock "0:01:10"]
[Board "81"]

1. e4 e5 2. Nf3 Nc6 3. d4 exd4 4. Nxd4 Nf6 5. Nxc6 bxc6 6. e5 Qe7 7. Qe2 Nd5 8. c4 Nb6 9. Bd2 Qe6 10. Nc3 a5 11. Qe4 Ba6 12. b3 g6 13. Bd3 Bg7 14. f4 O-O 15. h4 d5 16. cxd5 cxd5 17. Qf3 Bxd3 18. Qxd3 f6 19. O-O-O fxe5 20. fxe5 Qxe5 21. h5 Qf5 22. Kc2 a4 23. b4 Nc4 24. hxg6 hxg6 25. Rdf1 Na3+ 0-1


[Site "https://www.chess.com"]

[Event "Titled Tuesday Blitz July 11 Late 2023"]
[White "Rubio Tent, Francisco"]
[Black "gordonzyxu"]
[WhiteFideId "2238233"]
[WhiteElo "2456"]
[BlackElo "2012"]
[Result "0-1"]
[Round "9"]
[TimeControl "180+2"]
[Date "2023.07.11"]
[WhiteClock "0:00:54"]
[BlackClock "0:02:22"]
[Board "82"]

1. e4 e5 2. Nf3 Nf6 3. Nxe5 d6 4. Nf3 Nxe4 5. Nc3 Nxc3 6. dxc3 Be7 7. Be3 O-O 8. Qd2 Nd7 9. O-O-O Nf6 10. Bd3 c5 11. h3 Be6 12. Kb1 b5 13. g4 Bd5 14. Be2 Qa5 15. b3 Ne4 16. Qxd5 Nxc3+ 17. Kb2 Nxd5 18. Rxd5 Bf6+ 19. Kb1 Qc3 0-1


[Site "https://www.chess.com"]

[Event "Titled Tuesday Blitz July 11 Late 2023"]
[White "Bruedigam, Martin"]
[Black "BrandonJiang123456"]
[WhiteFideId "24608033"]
[WhiteElo "2539"]
[BlackElo "2251"]
[Result "1-0"]
[Round "9"]
[TimeControl "180+2"]
[Date "2023.07.11"]
[WhiteClock "0:02:01"]
[BlackClock "0:00:09"]
[Board "83"]

1. c4 e6 2. b3 f5 3. Bb2 Nf6 4. d3 Be7 5. Nd2 O-O 6. g3 d6 7. Bg2 e5 8. Ngf3 Nc6 9. O-O Kh8 10. e3 Be6 11. d4 e4 12. d5 exf3 13. Nxf3 Bd7 14. dxc6 bxc6 15. Nd4 Qe8 16. Re1 Rb8 17. Rc1 c5 18. Ne2 Bc6 19. Bxc6 Qxc6 20. Bxf6 Bxf6 21. Nf4 Qe8 22. Nd5 Qf7 23. Qd3 Bd8 24. f4 c6 25. Nc3 Bc7 26. e4 fxe4 27. Nxe4 Rbd8 28. Ng5 Qf5 29. Qxf5 Rxf5 30. Ne6 Ba5 31. Nxd8 Bxe1 32. Rxe1 h6 33. Nxc6 d5 34. Ne7 1-0


[Site "https://www.chess.com"]

[Event "Titled Tuesday Blitz July 11 Late 2023"]
[White "Fajdetic, Hrvoje"]
[Black "Bilan, Danila"]
[WhiteFideId "14501945"]
[BlackFideId "24161918"]
[WhiteElo "2345"]
[BlackElo "2508"]
[Result "1-0"]
[Round "9"]
[TimeControl "180+2"]
[Date "2023.07.11"]
[WhiteClock "0:00:03"]
[BlackClock "0:00:00"]
[Board "84"]

1. f4 e5 2. fxe5 d6 3. exd6 Bxd6 4. Nf3 Bg4 5. g3 h5 6. d4 h4 7. Bg5 Nf6 8. gxh4 Qe7 9. Qd3 Nc6 10. Nc3 Nb4 11. Qb5+ Bd7 12. Qxb7 Bc6 13. Qxa8+ Bxa8 14. O-O-O Nbd5 15. Nb5 Bf4+ 16. Kb1 Ne3 17. Bxf4 Nxd1 18. Nxc7+ Kd7 19. Bh3+ Kc6 20. Ne5+ Kb6 21. Rxd1 Rxh4 22. Nxa8+ Ka6 23. Nc6 Qe4 24. Bc8+ Kb5 25. Nxa7+ Ka5 26. e3 1-0


[Site "https://www.chess.com"]

[Event "Titled Tuesday Blitz July 11 Late 2023"]
[White "kiwibobo"]
[Black "Omariev, Maksim"]
[BlackFideId "4193423"]
[WhiteElo "2344"]
[BlackElo "2388"]
[Result "0-1"]
[Round "9"]
[TimeControl "180+2"]
[Date "2023.07.11"]
[WhiteClock "0:00:57"]
[BlackClock "0:01:07"]
[Board "85"]

1. e4 c5 2. Nf3 d6 3. d4 cxd4 4. Nxd4 Nf6 5. Nc3 a6 6. Be2 e6 7. Be3 Be7 8. O-O O-O 9. f4 Qc7 10. a4 b6 11. Bf3 Bb7 12. Kh1 Nbd7 13. Bg1 Nc5 14. Qe2 Rfd8 15. e5 Ne8 16. Bxb7 Qxb7 17. exd6 Nxd6 18. b4 Nce4 19. Nxe4 Nxe4 20. Rfe1 Nc3 21. Qd3 Bxb4 22. Qc4 a5 23. Nb5 Rac8 24. Qf1 Nxb5 25. Qxb5 Bxe1 26. Rxe1 Rxc2 27. Re2 Rxe2 28. Qxe2 Qc6 29. Qb2 Rd1 30. h3 Qc5 0-1


[Site "https://www.chess.com"]

[Event "Titled Tuesday Blitz July 11 Late 2023"]
[White "Harish, Neeraj"]
[Black "Prydun, Andriy"]
[WhiteFideId "30958130"]
[BlackFideId "14145898"]
[WhiteElo "2307"]
[BlackElo "2383"]
[Result "0-1"]
[Round "9"]
[TimeControl "180+2"]
[Date "2023.07.11"]
[WhiteClock "0:01:56"]
[BlackClock "0:01:21"]
[Board "86"]

1. e4 d5 2. exd5 Qxd5 3. Nc3 Qd6 4. d4 Nf6 5. Nf3 c6 6. g3 Bg4 7. Bg2 e6 8. Bf4 Qd8 9. O-O Bd6 10. Bxd6 Qxd6 11. h3 Bxf3 12. Bxf3 O-O 13. Ne4 Nxe4 14. Bxe4 Nd7 15. Bg2 Nf6 16. c3 Nd5 17. Re1 Rfd8 18. Qc2 a5 19. Rad1 a4 20. b3 axb3 21. axb3 Ra3 22. Ra1 Rda8 23. Qb2 h5 24. Rxa3 Qxa3 25. Qa2 0-1


[Site "https://www.chess.com"]

[Event "Titled Tuesday Blitz July 11 Late 2023"]
[White "K2JW"]
[Black "Cooper, Aaron"]
[BlackFideId "2634945"]
[WhiteElo "2381"]
[BlackElo "2259"]
[Result "0-1"]
[Round "9"]
[TimeControl "180+2"]
[Date "2023.07.11"]
[WhiteClock "0:00:00"]
[BlackClock "0:00:17"]
[Board "87"]

1. d4 Nf6 2. c4 e6 3. Nf3 d5 4. Nc3 Be7 5. Bf4 O-O 6. e3 c6 7. Bd3 dxc4 8. Bxc4 b5 9. Bd3 b4 10. Ne4 Nxe4 11. Bxe4 Ba6 12. Qc2 f5 13. Bxc6 Qa5 14. b3 Nxc6 15. Qxc6 Rac8 16. Qxe6+ Rf7 17. Ne5 Rf8 18. Nxf7 Rxf7 19. Kd2 Qb5 20. Qc4 Qb7 21. Qe6 Qb5 22. Qc4 Qb7 23. Qc7 Qxg2 24. Bg3 Qe4 25. Qc2 Qf3 26. Kc1 f4 27. Qd1 Qc6+ 28. Kb2 fxg3 29. Rc1 Rxf2+ 30. Ka1 Qg2 0-1


[Site "https://www.chess.com"]

[Event "Titled Tuesday Blitz July 11 Late 2023"]
[White "EsmeraldasAnderson03"]
[Black "Curtis, John"]
[BlackFideId "3200256"]
[WhiteElo "2379"]
[BlackElo "2028"]
[Result "0-1"]
[Round "9"]
[TimeControl "180+2"]
[Date "2023.07.11"]
[WhiteClock "0:00:00"]
[BlackClock "0:00:38"]
[Board "88"]

1. d4 Nf6 2. Nf3 d5 3. Bf4 c6 4. e3 Bg4 5. Be2 e6 6. O-O Bxf3 7. Bxf3 Bd6 8. Bg5 Nbd7 9. c4 h6 10. Bxf6 Nxf6 11. c5 Bc7 12. b4 e5 13. a4 O-O 14. b5 Re8 15. Nd2 exd4 16. exd4 Bf4 17. Qc2 Bxd2 18. Qxd2 Ne4 19. Qf4 Qf6 20. Qxf6 Nxf6 21. Rab1 Re7 22. Rfe1 Rae8 23. Rxe7 Rxe7 24. bxc6 bxc6 25. g3 g5 26. h3 h5 27. Rb8+ Kg7 28. g4 hxg4 29. hxg4 Re1+ 30. Kg2 Ra1 31. Rc8 Rxa4 32. Rxc6 Rxd4 33. Rd6 Rc4 34. c6 d4 35. Rd7 d3 36. Rxd3 Nxg4 37. Bd5 Rc5 38. Rd4 Ne5 39. Ra4 Rxd5 40. Rxa7 Nxc6 41. Ra4 Nd4 42. Kg3 f5 43. Ra6 Rd7 44. Kg2 Ne2 45. Kf3 Nf4 0-1


[Site "https://www.chess.com"]

[Event "Titled Tuesday Blitz July 11 Late 2023"]
[White "Pesotskiy, Mikhail"]
[Black "Kirillov, Dmitry"]
[WhiteFideId "34164453"]
[BlackFideId "34180572"]
[WhiteElo "2382"]
[BlackElo "2525"]
[Result "0-1"]
[Round "9"]
[TimeControl "180+2"]
[Date "2023.07.11"]
[WhiteClock "0:00:00"]
[BlackClock "0:00:12"]
[Board "89"]

1. d4 Nf6 2. c4 a6 3. Nc3 c5 4. dxc5 e6 5. Na4 Bxc5 6. Nxc5 Qa5+ 7. Qd2 Qxc5 8. e3 O-O 9. Nf3 Ne4 10. Qd4 Qa5+ 11. Bd2 Nxd2 12. Qxd2 Qxd2+ 13. Kxd2 b6 14. Bd3 Bb7 15. Rhd1 d6 16. Rac1 Nd7 17. Ke2 Rfd8 18. Bb1 Nf6 19. Rd4 Kf8 20. Rcd1 Ke7 21. Ng5 h6 22. Nf3 Rac8 23. b3 a5 24. Ne1 d5 25. cxd5 Nxd5 26. Kf1 e5 27. R4d2 Ba6+ 28. Bd3 Nc3 29. Bxa6 Nxd1 30. Rxd1 Rxd1 31. Bxc8 Ra1 32. a4 Rb1 33. Ba6 Rxb3 34. Ke2 e4 35. f3 Rb2+ 36. Kf1 f5 37. fxe4 fxe4 38. h3 g5 39. g3 Kd6 40. h4 Kc5 41. hxg5 hxg5 42. Bb5 Kb4 43. g4 Kc3 44. Be8 Kd2 45. Ng2 Kd3 46. Bc6 Kc4 47. Be8 Kb4 0-1


[Site "https://www.chess.com"]

[Event "Titled Tuesday Blitz July 11 Late 2023"]
[White "Prieto Aranguren, Alain"]
[Black "Graif, William"]
[WhiteFideId "2268906"]
[BlackFideId "2609835"]
[WhiteElo "2377"]
[BlackElo "2520"]
[Result "0-1"]
[Round "9"]
[TimeControl "180+2"]
[Date "2023.07.11"]
[WhiteClock "0:00:27"]
[BlackClock "0:00:17"]
[Board "90"]

1. e4 e5 2. Nf3 Bc5 3. c3 d5 4. exd5 Nf6 5. Bb5+ c6 6. dxc6 bxc6 7. Be2 e4 8. Nd4 Bxd4 9. cxd4 Qxd4 10. O-O Bf5 11. Re1 O-O 12. Nc3 Nbd7 13. b3 Ne5 14. Bb2 Nd3 15. Bxd3 Qxd3 16. Ne2 Nd5 17. Ng3 Bg6 18. Rc1 f5 19. Rxc6 f4 20. Nf1 f3 21. g3 Rac8 22. Qc1 Ne7 23. Rc3 Qd7 24. Qa1 Qh3 25. Ne3 Nd5 26. Kh1 Nxe3 27. Rg1 Ng4 0-1


[Site "https://www.chess.com"]

[Event "Titled Tuesday Blitz July 11 Late 2023"]
[White "Schuster, Karsten"]
[Black "D`Arruda, Ricardo D."]
[WhiteFideId "4611071"]
[BlackFideId "100692"]
[WhiteElo "2341"]
[BlackElo "2506"]
[Result "0-1"]
[Round "9"]
[TimeControl "180+2"]
[Date "2023.07.11"]
[WhiteClock "0:00:29"]
[BlackClock "0:01:19"]
[Board "91"]

1. Nf3 d5 2. d4 Nf6 3. b3 c6 4. Bb2 g6 5. e3 Bg7 6. Bd3 O-O 7. O-O Nbd7 8. c4 e6 9. Nbd2 b6 10. e4 dxe4 11. Nxe4 Nxe4 12. Bxe4 Bb7 13. Re1 Qc7 14. Qc2 Rad8 15. Rad1 Nf6 16. Bd3 c5 17. dxc5 Qxc5 18. Be2 h6 19. Bd4 Qf5 20. Qxf5 gxf5 21. h3 Ne4 22. Bxg7 Kxg7 23. Rxd8 Rxd8 24. a3 Nc3 25. Bf1 Bxf3 26. gxf3 Rd1 27. Rxd1 Nxd1 28. Be2 Nc3 29. Kf1 Nb1 30. a4 Nd2+ 31. Ke1 Nxb3 32. Bd3 f4 33. Kd1 Kf6 34. Bc2 Nd4 35. Be4 Ke5 36. Kd2 Nb3+ 37. Kc3 Nc5 38. Bc2 a5 39. Bd1 Kd6 40. Bc2 e5 41. Bd1 Ke6 42. Bc2 Kf6 43. Bd1 Kg5 44. Bc2 Kh4 45. Bf5 Nxa4+ 46. Kd3 Nc5+ 0-1


[Site "https://www.chess.com"]

[Event "Titled Tuesday Blitz July 11 Late 2023"]
[White "kripri"]
[Black "Dragomirescu, Robin-Alexandru"]
[BlackFideId "1213849"]
[WhiteElo "2331"]
[BlackElo "2487"]
[Result "0-1"]
[Round "9"]
[TimeControl "180+2"]
[Date "2023.07.11"]
[WhiteClock "0:00:07"]
[BlackClock "0:02:08"]
[Board "92"]

1. e4 c5 2. Nf3 Nc6 3. d4 cxd4 4. Nxd4 Nf6 5. Nc3 e5 6. Ndb5 d6 7. Bg5 a6 8. Na3 b5 9. Nd5 Be7 10. Bxf6 Bxf6 11. c4 b4 12. Nc2 a5 13. Be2 O-O 14. O-O a4 15. Ncxb4 Nxb4 16. Nxb4 Bg5 17. Qd3 Qb6 18. a3 Be6 19. Rfd1 Rfd8 20. Qc3 Rab8 21. Nd3 Rdc8 22. c5 dxc5 23. Qxe5 Bf6 24. Qh5 c4 25. Nb4 Bxb2 26. Rab1 Bxa3 27. Nc2 Qxb1 28. Rxb1 Rxb1+ 29. Bf1 Bc5 30. Qe5 a3 31. Qc3 a2 32. g4 Ra8 33. Kg2 Rc1 34. Qb2 Rxc2 35. Qxc2 a1=Q 36. Bxc4 0-1


[Site "https://www.chess.com"]

[Event "Titled Tuesday Blitz July 11 Late 2023"]
[White "The_Straightforward_Rook"]
[Black "Liu, Casper"]
[BlackFideId "1454153"]
[WhiteElo "2316"]
[BlackElo "2474"]
[Result "1-0"]
[Round "9"]
[TimeControl "180+2"]
[Date "2023.07.11"]
[WhiteClock "0:00:16"]
[BlackClock "0:00:00"]
[Board "93"]

1. Nf3 Nf6 2. c4 e6 3. d4 d5 4. cxd5 exd5 5. Nc3 Be7 6. Qc2 O-O 7. Bf4 c5 8. dxc5 Bxc5 9. Rd1 d4 10. e3 Re8 11. Be2 Nc6 12. O-O Bg4 13. Nxd4 Nxd4 14. exd4 Bxd4 15. Bxg4 Nxg4 16. Ne2 Rc8 17. Qd2 Bxf2+ 18. Rxf2 Nxf2 19. Qxd8 Rcxd8 20. Rxd8 Rxd8 21. Kxf2 f5 22. Be3 a6 23. Bd4 g6 24. Bc3 Kf7 25. Nd4 Rd5 26. a4 Rd8 27. a5 Rc8 28. Kf3 Ke7 29. Kf4 Kd6 30. h4 Kd5 31. Nf3 Rc4+ 32. Ke3 Re4+ 33. Kf2 Re8 34. g3 Kc4 35. Ng5 Re7 36. Nf3 Kd3 37. Ne5+ Ke4 38. Nc4 Rd7 39. Ke2 f4 40. gxf4 Kxf4 41. b4 Re7+ 42. Kd3 Kg4 43. Kc2 Re2+ 44. Kb3 Kxh4 45. Nd6 g5 46. Nxb7 g4 47. b5 g3 48. bxa6 g2 49. Bd4 Re4 50. Bb6 Re6 51. Bc5 Re5 52. Bd4 Rd5 53. Bf2+ Kg4 54. a7 Kf3 55. a8=Q Kxf2 56. Qa7+ Kf1 57. Qa6+ Kf2 58. Qb6+ Kf1 59. Qf6+ 1-0


[Site "https://www.chess.com"]

[Event "Titled Tuesday Blitz July 11 Late 2023"]
[White "Marchesich, Giovanni"]
[Black "Novikov, Evgenij"]
[WhiteFideId "2824790"]
[BlackFideId "4125380"]
[WhiteElo "2278"]
[BlackElo "2468"]
[Result "1-0"]
[Round "9"]
[TimeControl "180+2"]
[Date "2023.07.11"]
[WhiteClock "0:01:00"]
[BlackClock "0:00:00"]
[Board "94"]

1. g3 d5 2. Bg2 Nf6 3. Nh3 e5 4. f3 c5 5. Nf2 Nc6 6. O-O Bf5 7. e4 dxe4 8. fxe4 Be6 9. d3 c4 10. Be3 h5 11. Nd2 h4 12. Nxc4 hxg3 13. hxg3 b5 14. Nd2 Nd4 15. Nf3 Ng4 16. Nxd4 exd4 17. Nxg4 dxe3 18. Nxe3 Bc5 19. Qf3 Qd4 20. Rfe1 Qxb2 21. Kf1 Qe5 22. Qf4 Qd4 23. Nf5 Qg1+ 24. Ke2 Qxg2+ 25. Kd1 O-O-O 26. Qe5 Bb6 27. Ne7+ Kb7 28. Rb1 Bxa2 29. Rxb5 Rh2 30. Qc3 Qxc2+ 31. Qxc2 Rxc2 32. Kxc2 Be6 33. Nd5 Bxd5 34. Rxd5 Rxd5 35. exd5 Bc5 36. Kc3 Kc7 37. Kc4 Kd6 38. Ra1 Bb6 39. Rh1 g5 40. Rh6+ Ke5 41. d6 f6 42. d7 Ke6 43. Rh7 f5 44. d4 f4 45. gxf4 gxf4 46. d5+ Kd6 47. Rf7 Kc7 48. Kb5 Kd6 49. Rxf4 Kxd7 50. Rf6 Kc7 51. Ka6 Kd7 52. Kb5 Kc7 53. Kc4 Kd7 54. Kd3 Kc7 55. Ke4 Kd7 56. Rh6 Ke7 57. Ke5 Kd7 58. Rh7+ Ke8 59. Ke6 Bd4 60. d6 Kd8 61. d7 Kc7 62. Rf7 Bc5 63. Rg7 Bb6 64. Rg8 Kb7 65. d8=Q Bxd8 66. Rxd8 1-0


[Site "https://www.chess.com"]

[Event "Titled Tuesday Blitz July 11 Late 2023"]
[White "Sarkar, Justin"]
[Black "Reprintsev, Alexander"]
[WhiteFideId "2010011"]
[BlackFideId "14100541"]
[WhiteElo "2254"]
[BlackElo "2463"]
[Result "0-1"]
[Round "9"]
[TimeControl "180+2"]
[Date "2023.07.11"]
[WhiteClock "0:00:00"]
[BlackClock "0:00:46"]
[Board "95"]

1. d4 d5 2. c4 e5 3. dxe5 d4 4. Nf3 Nc6 5. a3 g6 6. b4 Bg7 7. Bb2 Nh6 8. g3 Nxe5 9. Nxe5 Bxe5 10. Bg2 O-O 11. O-O Nf5 12. e4 Ne7 13. f4 Bg7 14. Nd2 a5 15. Nb3 axb4 16. axb4 Rxa1 17. Qxa1 Be6 18. Rc1 b5 19. Bxd4 Bxd4+ 20. Nxd4 Bxc4 21. f5 Qd6 22. Qc3 Rd8 23. Nf3 Nc6 24. e5 Qd3 25. Qxd3 Rxd3 26. e6 fxe6 27. fxg6 hxg6 28. Ne1 Rd6 29. Bxc6 Rxc6 30. Kf2 Ra6 31. Ke3 Kf7 32. Nf3 Kf6 33. Kf4 g5+ 34. Kg4 Be2 35. Rc2 Bxf3+ 0-1


[Site "https://www.chess.com"]

[Event "Titled Tuesday Blitz July 11 Late 2023"]
[White "Chemin, Justo Reinaldo"]
[Black "Luong Phuong Hanh"]
[WhiteFideId "2101580"]
[BlackFideId "12401013"]
[WhiteElo "2257"]
[BlackElo "2450"]
[Result "0-1"]
[Round "9"]
[TimeControl "180+2"]
[Date "2023.07.11"]
[WhiteClock "0:00:35"]
[BlackClock "0:01:42"]
[Board "96"]

1. d4 Nf6 2. Nf3 g6 3. e3 Bg7 4. b3 O-O 5. Bb2 d5 6. Nbd2 Nbd7 7. Bd3 b6 8. c4 Bb7 9. Qe2 Re8 10. h4 Ne4 11. cxd5 Nxd2 12. Qxd2 Bxd5 13. h5 Bxf3 14. gxf3 e5 15. hxg6 hxg6 16. d5 Nc5 17. Bc4 Qd6 18. O-O-O a6 19. f4 b5 20. Be2 Ne4 21. Qe1 exf4 22. Bxg7 Kxg7 23. f3 Ng3 24. Qc3+ Qe5 25. Qxe5+ Rxe5 26. Bd3 Nxh1 27. Rxh1 Rxe3 28. Be4 Rd8 29. d6 Rxd6 30. Bb7 Re2 0-1


[Site "https://www.chess.com"]

[Event "Titled Tuesday Blitz July 11 Late 2023"]
[White "Srdanovic, Jovana"]
[Black "Quirke, Jeffrey"]
[WhiteFideId "954810"]
[BlackFideId "2013029"]
[WhiteElo "2411"]
[BlackElo "2253"]
[Result "0-1"]
[Round "9"]
[TimeControl "180+2"]
[Date "2023.07.11"]
[WhiteClock "0:00:16"]
[BlackClock "0:00:38"]
[Board "97"]

1. d4 e6 2. c4 f5 3. g3 Nf6 4. Bg2 d5 5. Nf3 Be7 6. O-O Ne4 7. Nc3 c6 8. Qc2 O-O 9. Rb1 a5 10. a3 Nd7 11. Bf4 b6 12. Ne5 Nxe5 13. Bxe5 Ba6 14. cxd5 cxd5 15. f3 Nd6 16. Bxd6 Bxd6 17. Rfe1 Rc8 18. Qd2 f4 19. Bh3 Qf6 20. Kg2 Qg6 21. g4 h5 22. e4 fxe3 23. Qxe3 Rce8 24. Qf2 e5 25. Nxd5 Bb7 26. dxe5 Bxd5 27. exd6 Rxf3 28. Rxe8+ Qxe8 29. Qxf3 Qe2+ 30. Kg1 Qxf3 31. d7 Qe3+ 32. Kf1 Qxh3+ 33. Ke2 Qxg4+ 34. Ke3 Qxd7 0-1


[Site "https://www.chess.com"]

[Event "Titled Tuesday Blitz July 11 Late 2023"]
[White "Ncatt"]
[Black "Schachpanda_Youtube"]
[WhiteElo "2407"]
[BlackElo "2234"]
[Result "0-1"]
[Round "9"]
[TimeControl "180+2"]
[Date "2023.07.11"]
[WhiteClock "0:00:22"]
[BlackClock "0:00:09"]
[Board "98"]

1. e4 d6 2. d4 Nf6 3. Nc3 g6 4. Nf3 Bg7 5. Be3 c6 6. Bd3 O-O 7. h3 Nbd7 8. Ne2 e5 9. c3 Re8 10. Ng3 d5 11. dxe5 Nxe5 12. Nxe5 Rxe5 13. f4 Re8 14. e5 Nd7 15. O-O f6 16. Qc2 fxe5 17. fxe5 Nxe5 18. Rae1 Nxd3 19. Qxd3 Be6 20. Bd4 Qd7 21. h4 Bxd4+ 22. cxd4 Rf8 23. h5 Rxf1+ 24. Rxf1 Qg7 25. Qe3 Re8 26. h6 Qc7 27. Qg5 Qe7 28. Qe5 Bg4 29. Qf4 Bd7 30. Qc7 Bg4 31. Qf4 Qe3+ 32. Kh2 Qxf4 33. Rxf4 Bd7 34. Rf3 Re1 35. Rb3 b6 36. a3 Kf7 37. Rf3+ Ke7 38. Nf1 Re4 39. Rd3 Rh4+ 40. Kg3 Rxh6 41. Ne3 Bf5 42. Rd2 Be4 43. Rf2 Rh5 44. Ng4 Rg5 45. Kh4 Rf5 46. Re2 h5 47. Nf2 Rf4+ 48. Kg3 g5 49. Nh3 Rg4+ 50. Kh2 Kf6 51. Rf2+ Kg6 52. Re2 Kf5 53. g3 h4 54. Rf2+ Kg6 55. gxh4 Rxh4 56. Kg3 Bf5 57. Ng1 Rg4+ 58. Kh2 Rh4+ 59. Kg2 Rg4+ 60. Kf1 Be4 61. Rf8 Rf4+ 62. Rxf4 gxf4 63. Kf2 Kf5 64. Ne2 Bd3 65. Nc3 b5 66. b4 a6 67. Kf3 Be4+ 68. Kf2 Bd3 69. Kf3 Bc2 70. Kf2 Kg4 71. Ne2 f3 72. Nc3 Kf4 73. Na2 Ke4 74. Nc1 Kxd4 75. Kxf3 Kc3 76. Ke3 Kb2 77. Ne2 Kxa3 78. Nd4 Kxb4 79. Nxc6+ Kb3 80. Na5+ Kb4 81. Nc6+ Kc3 82. Nd4 b4 83. Ne2+ Kb2 84. Kd2 b3 85. Nd4 a5 86. Nb5 a4 87. Nd4 a3 88. Nxc2 bxc2 89. Kd3 c1=Q 90. Kd4 Qc4+ 91. Ke5 d4 92. Ke4 d3+ 93. Ke3 d2 94. Kxd2 Qd4+ 95. Ke2 a2 96. Kf3 a1=Q 97. Ke2 Qad1# 0-1


[Site "https://www.chess.com"]

[Event "Titled Tuesday Blitz July 11 Late 2023"]
[White "Mikhalsky, Vladimir"]
[Black "Osmonbekov, Talaibek"]
[WhiteFideId "14144352"]
[BlackFideId "2017253"]
[WhiteElo "2398"]
[BlackElo "2223"]
[Result "1-0"]
[Round "9"]
[TimeControl "180+2"]
[Date "2023.07.11"]
[WhiteClock "0:00:07"]
[BlackClock "0:00:00"]
[Board "99"]

1. d4 e6 2. e4 d5 3. e5 c5 4. Qg4 cxd4 5. Nf3 Nc6 6. Bd3 Nge7 7. O-O Nf5 8. Nbd2 Bd7 9. Nb3 Qc7 10. Re1 a5 11. Bxf5 exf5 12. Qg3 Be6 13. Nfxd4 a4 14. Nxc6 axb3 15. Nd4 Rxa2 16. Nxb3 Rxa1 17. Nxa1 g6 18. Bg5 Bg7 19. f4 O-O 20. c3 Qb6+ 21. Qf2 Qxf2+ 22. Kxf2 Ra8 23. Nc2 Ra2 24. Rb1 Bf8 25. Ke2 Bc5 26. Bh4 Bd7 27. Kd2 Bb5 28. Bf6 Kf8 29. e6 fxe6 30. Bd4 Bd6 31. g3 Bc4 32. Be5 Ke7 33. Bxd6+ Kxd6 34. Nd4 e5 35. fxe5+ Kxe5 36. Re1+ Kd6 37. Kc2 Kd7 38. Nf3 Ra8 39. Ne5+ Kd6 40. Nf7+ Kc5 41. Re7 1-0


[Site "https://www.chess.com"]

[Event "Titled Tuesday Blitz July 11 Late 2023"]
[White "Haitin, Ilja"]
[Black "Cardenas Carbajal, Nilson"]
[WhiteFideId "4501764"]
[BlackFideId "8401128"]
[WhiteElo "2396"]
[BlackElo "2182"]
[Result "0-1"]
[Round "9"]
[TimeControl "180+2"]
[Date "2023.07.11"]
[WhiteClock "0:00:00"]
[BlackClock "0:00:07"]
[Board "100"]

1. Nf3 d5 2. e3 Nf6 3. b3 Nc6 4. Bb2 Bg4 5. h3 Bh5 6. Bb5 Qd7 7. g4 Bg6 8. Ne5 Qd6 9. f4 e6 10. Ba3 Qd8 11. Nxc6 bxc6 12. Bxc6+ Nd7 13. Bxf8 Kxf8 14. Bxa8 Qxa8 15. d4 h5 16. g5 Be4 17. Rg1 c5 18. Nc3 Bf5 19. Qd2 Qc6 20. O-O-O a5 21. h4 Ke7 22. Kb2 c4 23. Na4 Rb8 24. Rc1 Qxa4 25. Qc3 Qb4 26. a3 Qb6 27. Rb1 Qb5 28. Ka1 Bxc2 29. Qxc2 cxb3 30. Qc3 a4 31. Kb2 Nb6 32. Qc5+ Qxc5 33. dxc5 Nc4+ 34. Kc3 Nxa3 35. Ra1 Nb5+ 36. Kb2 a3+ 37. Kxb3 Kd7 38. Kc2 Kc6 39. Rgb1 Kxc5 40. Kd3 Kd6 41. Rb4 Kc5 42. Rbb1 Rb7 43. Rb3 Rb6 44. Rc1+ Kd6 45. Rcb1 a2 46. Ra1 Kc5 47. Rxa2 Nd6 48. Rxb6 Kxb6 0-1


[Site "https://www.chess.com"]